cohdb
Replays
Latest Replays
All Replays
Popular Replays
Top Player Replays
Match Explorer
How It Works
Community
CoH3 Stats
Reddit
Sign in to upload your games and track your stats! →
Sign in with Steam
Match 41094480
Unlisted
Match 41094480
Overview
Messages
Build Orders
End
Pioneer Squad
Construct Infanterie Kompanie
Grenadier Squad
Grenadier Squad
Grenadier Squad
Grenadier Squad
Selects Breakthrough Battlegroup
Selects Assault Grenadiers
Infanterie Officer Quarters
Selects Smoke Bombing Run
Construct Panzergrenadier Kompanie
Selects Incendiary Bombing Run
Selects Mechanized Assault Group
Mechanized Assault Group
Selects 2.5-tonne Cargo Truck
Pak 40 Anti-tank Gun Team
Construct Panzer Kompanie
Grenadier Squad
Grenadier Squad
Selects Blitzkrieg
Grenadier Squad
Smoke Bombing Run
Herr Blautier
Null
0
0
Comments
sign in to comment!
No comments posted yet!